 Dungeon Crawl Stone Soup version 0.27.1-3-gb3d3a73c9e (webtiles) character file.

Game seed: 4864568656488253793

1 Descartes the Chiller (level 1, 0/10 HPs)
             Began as a Deep Elf Wanderer on Oct 10, 2021.
             Slain by a giant cockroach (2 damage)
             ... on level 1 of the Dungeon.
             The game lasted 00:00:53 (25 turns).

Descartes the Chiller (Deep Elf Wanderer)             Turns: 25, Time: 00:00:54

Health: 0/10       AC:  2    Str:  8    XL:     1   Next: 16%
Magic:  3/3        EV: 12    Int: 14    God:
Gold:   5          SH:  0    Dex: 17    Spells: 0/0 levels left

rFire    . . .     SeeInvis .   a - +0 dagger
rCold    . . .     Faith    .   (no shield)
rNeg     . . .     Spirit   .   b - +0 robe
rPois    .         Reflect  .   (no helmet)
rElec    .         Harm     .   (no cloak)
rCorr    .         Rampage  .   (no gloves)
Will     .....                  (no boots)
Stlth    ++........             (no amulet)
HPRegen  0.03/turn              (no ring)
MPRegen  0.08/turn              (no ring)

@: no status effects
A: no striking features
a: no special abilities


You were on level 1 of the Dungeon.
You visited 1 branch of the dungeon, and saw 1 of its levels.

You collected 5 gold pieces.

Inventory:

Hand Weapons
 a - a +0 dagger (weapon)
Armour
 b - a +0 robe (worn)


   Skills:
 - Level 1.0 Throwing
 + Level 1.2 Dodging
 + Level 2.4 Stealth
 - Level 2.4 Necromancy
 + Level 3.4 Ice Magic
 - Level 1.1 Evocations


You couldn't memorise any spells.
You didn't know any spells.
Your spell library contained the following spells:

 Spells                   Type           Power      Damage    Failure   Level
 Freeze                   Ice            36%        1d6       8%          1
 Animate Skeleton         Necr           12%        N/A       11%         1
 Frozen Ramparts          Ice            18%        1d3       22%         3
 Ozocubu's Armour         Ice            9%         N/A       22%         3
 Corpse Rot               Necr/Air       N/A        N/A       26%         2
 Vampiric Draining        Necr           3%         2d6       32%         3
 Poisonous Vapours        Pois/Air       0%         N/A       41%         2
 Hailstorm                Conj/Ice       4%         3d4       82%         4


Dungeon Overview and Level Annotations

Branches:
Dungeon (1/15)

Altars:


Message History

You begin with the following items: a +0 dagger, a +0 robe; and the following spells available to memorise: Freeze, Animate Skeleton, Frozen Ramparts, Ozocubu's Armour, Corpse Rot, Vampiric Draining, Poisonous Vapours, Hailstorm.
Okay, then.
Okay, then.
You now have 5 gold pieces.
An endoplasm comes into view.
Found a hunting sling.
The endoplasm quivers.
A giant cockroach comes into view.
A frilled lizard comes into view.
The endoplasm closely misses you.
You hit the endoplasm.
The endoplasm is moderately wounded.
The endoplasm freezes you.
You are frozen.
You don't know any spells.
You hit the endoplasm.
The endoplasm is severely wounded.
The endoplasm freezes you.
You are frozen.
Ouch! That really hurt!
You hit the endoplasm.
You kill the endoplasm!
You hit the giant cockroach but do no damage.
The giant cockroach closely misses you.
You closely miss the giant cockroach. The giant cockroach closely misses you.
The giant cockroach barely misses you.
You hit the giant cockroach but do no damage.
The giant cockroach bites you but does no damage.
You hit the giant cockroach but do no damage.
The giant cockroach bites you.
* * * LOW HITPOINT WARNING * * *
You closely miss the giant cockroach. The giant cockroach barely misses you.
You closely miss the giant cockroach. The giant cockroach barely misses you.
You hit the giant cockroach but do no damage.
The giant cockroach bites you.
* * * LOW HITPOINT WARNING * * *
The giant cockroach closely misses you.
You hit the giant cockroach but do no damage.
The giant cockroach bites you.
You die... . ## #. #.# #P #.# ######.# .P #... ...##.# ##.♣ #...#####..#.# .P.♣ #..#.....#...# lPP♣

...#.......#..#####...♣
#....<....#...@B...♣
#..#.......#....##...P....
#..#.....#....###..P.♣...
##..#####....## #.##.P...
##.........## #B# ##)#
######...## #.# ♣ #####
#.. ###


You could see a giant cockroach.

Vanquished Creatures
  An endoplasm (D:1)
1 creature vanquished.

Notes
Turn   | Place    | Note
-------+----------+-------------------------------------------
     0 | D:1      | Descartes the Deep Elf Wanderer began the quest for the
                  | Orb.
     0 | D:1      | Descartes set off with the following items: a +0 dagger, a
                  | +0 robe; and the following spells available to memorise:
                  | Freeze, Animate Skeleton, Frozen Ramparts, Ozocubu's
                  | Armour, Corpse Rot, Vampiric Draining, Poisonous Vapours,
                  | Hailstorm
     0 | D:1      | Reached XP level 1. HP: 10/10 MP: 3/3
    25 | D:1      | Slain by a giant cockroach

Illustrated notes

Levels and vault maps discovered:
D:1:      scummos_arrival_hexagon, layout_loops_corners, serial_forest,
          infiniplex_forest_zigzag_1, infiniplex_forest_clump_curved,
          infiniplex_forest_straight_4, infiniplex_forest_lined_3,
          infiniplex_forest_clump_curved, infiniplex_forest_corner_1,
          infiniplex_forest_corner_1, infiniplex_forest_clump_C,
          infiniplex_forest_lined_room_3, infiniplex_forest_corner_2,
          chequers_serial_rivers_small_a, minivault_27, serial_bayou_pond_b

Action                   || total
-------------------------++-------
Melee: Dagger            ||    11
Armor: Robe              ||     1
Dodge: Dodged            ||     7
